Map: Catalyst LE

Players

SpeCial

  • Race: Terran Terran
  • Spawn Location: 11:00

Snute - Winner!

  • Race: Zerg Zerg
  • Spawn Location: 5:00

Event: WCS Leipzig 2018

VOD

Have the link to the VOD?

Description

Time

  • Played on: Jan. 27, 2018, 1:10 p.m.
  • Length: 8:57

All games in this series

Show
View Real Time Build Order
Export as new Build Order

SpeCial Terran 

Build Orders: Hellion Opening, Reaper Expand 

Get SALT Encoding   

  12  0:00  SCV  
  13  0:13  SCV  
  14  0:17  Supply Depot  
  14  0:25  SCV  
  15  0:39  SCV  
  15  0:41  Barracks  
  16  0:45  Refinery  
  16  0:51  SCV  
  17  1:03  SCV  
  18  1:15  SCV  
  19  1:29  Reaper  
  19  1:30  Orbital Command  
  20  1:41  Command Center  
  20  1:50  Supply Depot  
  20  1:56  SCV  
  21  2:01  Marine  
  21  2:05  Factory  
  22  2:09  SCV  
  22  2:15  Refinery  
  23  2:21  SCV  
  24  2:23  Barracks Reactor  
  24  2:33  SCV  
  25  2:42  Ghost Academy  
  25  2:45  SCV  
  26  2:53  Orbital Command  
  26  2:58  SCV  
  29  3:05  Hellion  
  29  3:06  Hellion  
  29  3:07  Barracks Tech Lab  
  29  3:10  SCV  
  32  3:19  SCV  
  33  3:22  SCV, Supply Depot  
  36  3:27  Hellion x2  
  36  3:29  Ghost  
  36  3:33  SCV  
  41  3:34  SCV  
  42  3:45  SCV  
  42  3:46  Supply Depot  
  42  3:47  SCV  
  44  3:50  Hellion x2  
  48  3:58  SCV, Ghost  
  48  3:59  SCV  
  51  4:10  SCV  
  51  4:11  SCV  
  51  4:14  Armory  
  53  4:19  Hellion x2  
  53  4:22  SCV  
  53  4:23  SCV  
  59  4:25  Refinery  
  59  4:33  Ghost  
  59  4:34  SCV  
  59  4:37  Supply Depot  
  62  4:42  Supply Depot  
  62  4:48  Factory  
  62  4:55  Hellion  
  62  4:57  SCV x2  
  62  4:58  Hellion  
  53  5:09  SCV x2  
  43  5:21  SCV x2  
  43  5:27  Cyclone  
  48  5:30  Cyclone  
  48  5:33  SCV x2  
  48  5:35  Factory Reactor  
  53  5:40  Ghost  
  55  5:45  SCV x2  
  57  5:53  Supply Depot  
  57  5:57  SCV x2  
  57  6:03  Cyclone  
  62  6:07  Cyclone  
  62  6:10  SCV x2  
  67  6:13  Hellion  
  69  6:19  Cyclone  
  69  6:22  SCV x2  
  74  6:26  Supply Depot  
  74  6:31  Supply Depot  
  74  6:34  SCV x2  
  74  6:35  Hellion x2  
  82  6:40  Hellion  
  82  6:46  SCV x2  
  84  6:51  Hellion  
  86  6:56  Hellion  
  86  6:57  Hellion  
  86  6:58  SCV  
  93  7:01  Hellion  
  93  7:05  Supply Depot  
  93  7:13  Cyclone  
  93  7:15  Ghost  
  98  7:18  Hellion x2  
  102  7:22  Hellion  
  84  7:39  Cyclone x2  
  85  7:48  Cyclone  
  76  8:01  Cyclone  
  76  8:03  SCV x2  
  79  8:11  Hellion  
  75  8:15  SCV x2  
  75  8:16  Hellion  
  79  8:21  Cyclone  
  75  8:27  SCV  
  75  8:31  SCV  
  71  8:39  SCV  
  62  8:43  SCV  
Show
View Real Time Build Order
Export as new Build Order

Snute Zerg - Winner!

Build Orders: Pool First 

Get SALT Encoding   

  12  0:00  Drone  
  13  0:12  Overlord  
  13  0:17  Drone  
  14  0:30  Drone x2  
  14  0:34  Drone  
  17  0:44  Spawning Pool  
  17  0:48  Drone  
  17  1:10  Hatchery  
  16  1:12  Drone  
  16  1:15  Drone  
  16  1:17  Extractor  
  17  1:21  Drone  
  18  1:31  Queen  
  20  1:34  Zergling x2  
  21  1:40  Overlord  
  21  1:49  Drone  
  22  2:00  Drone  
  23  2:06  Queen  
  25  2:11  Drone  
  26  2:22  Drone x2  
  27  2:24  Metabolic Boost  
  27  2:33  Drone x2  
  29  2:41  Drone x2  
  31  2:45  Hatchery  
  31  2:48  Drone  
  31  2:51  Overlord  
  31  2:53  Drone  
  31  2:57  Zergling x4  
  34  3:05  Overlord  
  34  3:09  Drone  
  34  3:11  Drone x3  
  38  3:15  Drone x2  
  38  3:16  Drone  
  38  3:18  Drone  
  42  3:22  Overlord  
  42  3:27  Queen  
  42  3:32  Queen  
  46  3:35  Zergling x4  
  48  3:42  Drone x3  
  48  3:44  Zergling x4  
  53  3:49  Overlord  
  53  3:55  Drone  
  53  3:56  Drone  
  53  4:00  Drone x2  
  53  4:02  Drone, Queen  
  58  4:04  Drone  
  58  4:06  Queen  
  62  4:10  Drone x2  
  62  4:13  Spore Crawler  
  63  4:17  Spore Crawler  
  63  4:19  Zergling x4  
  63  4:22  Zergling x6  
  67  4:26  Zergling x2  
  66  4:33  Zergling x6  
  66  4:36  Queen  
  66  4:38  Queen  
  70  4:40  Drone  
  70  4:45  Overlord  
  73  4:52  Overlord  
  71  4:57  Drone x3  
  71  4:58  Drone  
  70  5:01  Zergling x10  
  70  5:04  Zergling x2  
  69  5:09  Zergling x2  
  69  5:10  Queen  
  69  5:12  Zergling x2, Queen  
  69  5:14  Queen  
  74  5:16  Zergling x10  
  77  5:22  Drone x3  
  77  5:27  Evolution Chamber x2  
  77  5:29  Drone x2  
  77  5:34  Drone  
  78  5:39  Roach Warren  
  78  5:40  Zergling x4  
  79  5:45  Drone  
  79  5:48  Extractor  
  79  5:49  Extractor, Queen x3  
  82  5:54  Zerg Ground Armor Level 1, Zerg Missile Weapons Level 1  
  84  5:59  Zergling x6  
  84  6:00  Zergling x4  
  89  6:06  Drone x2  
  89  6:09  Extractor  
  89  6:10  Overlord  
  88  6:11  Extractor  
  88  6:14  Overlord  
  88  6:16  Drone  
  88  6:17  Drone x2, Extractor  
  89  6:26  Overlord  
  89  6:29  Drone x3, Lair  
  89  6:30  Drone x5  
  97  6:35  Spine Crawler  
  97  6:38  Overlord  
  96  6:43  Overlord x2  
  96  6:45  Roach x2  
  100  6:47  Roach  
  100  6:48  Roach  
  104  6:55  Drone  
  104  6:56  Drone x4  
  104  6:57  Drone  
  104  6:58  Drone x2  
  104  6:59  Drone  
  104  7:01  Roach  
  115  7:05  Roach x2  
  119  7:13  Roach x3  
  125  7:16  Roach x3  
  131  7:23  Roach  
  131  7:24  Roach x2  
  131  7:28  Roach  
  126  7:33  Roach x2  
  118  7:37  Queen x3  
  118  7:40  Roach x2  
  115  7:45  Roach x4  
  115  7:51  Roach  
  111  7:52  Roach  
  111  7:56  Roach  
  106  8:01  Roach, Overseer  
  106  8:03  Roach  
  106  8:05  Roach  
  104  8:09  Spore Crawler  
  95  8:13  Roach x2  
  95  8:17  Roach  
  97  8:25  Roach x3  
  99  8:29  Roach x4  
  107  8:36  Roach x3  
Tags
 
Add a new tag
Caveats
  • Supply blocks, unpowered buildings, or Contaminate may cause inaccurate times.
  • Supply counts are checked every 10 seconds.